 Dungeon Crawl Stone Soup version 0.30-a0-313-gae38170b09 (webtiles) character file.

Game seed: 3439153322093232757

17985 koil the Nimble (level 12, -1/68 HPs)
             Began as a Spriggan Hunter on Oct 26, 2022.
             Was a High Priest of Okawaru.
             Slain by a komodo dragon (22 damage)
             ... on level 1 of the Lair of Beasts.
             The game lasted 01:08:55 (14269 turns).

koil the Nimble (Spriggan Hunter)                  Turns: 14269, Time: 01:08:56

Health: -1/68      AC:  9    Str:  5    XL:     12   Next: 23%
Magic:  26/26      EV: 23    Int: 24    God:    Okawaru [*****.]
Gold:   752        SH:  0    Dex: 22    Spells: 24/30 levels left

rFire   + . .      SeeInvis +    c - +5 arbalest (flame)
rCold   . . .      Faith    .    (shield currently unavailable)
rNeg    + + .      Spirit   .    m - +0 acid dragon scales
rPois   +          Reflect  .    (helmet restricted)
rElec   .          Harm     .    H - +1 cloak
rCorr   +          Rampage  .    (gloves unavailable)
Will    +....                    (boots unavailable)
Stlth   ++++......               (no amulet)
HPRegen 0.31/turn                r - ring of protection from fire
MPRegen 0.20/turn                y - ring of Bodily Harmony {rPois rN++ Will- Int+6}

@: very quick
A: very small, no large weapons, unfitting armour, see invisible, speed 3,
clever 2, robust 1
a: Renounce Religion, Heroism, Finesse, Duel


You were on level 1 of the Lair of Beasts.
You worshipped Okawaru.
Okawaru was extremely pleased with you.
You visited 3 branches of the dungeon, and saw 13 of its levels.
You also visited: Bailey.

You collected 752 gold pieces.

Inventory:

Hand Weapons
 a - a +2 shortbow of flaming
 b - a +2 dagger of venom
 c - a +5 arbalest of flaming (weapon)
 w - a +2 dagger of speed
Missiles
 x - 8 poisoned darts
 C - 4 curare-tipped darts
Armour
 k - a +1 robe
 m - +0 acid dragon scales (worn)
 H - a +1 cloak (worn)
Jewellery
 r - a ring of protection from fire (left hand)
 s - a ring of protection from cold
 y - the ring of Bodily Harmony (right hand) {rPois rN++ Will- Int+6}
   (You found it on level 9 of the Dungeon)

   [ring of intelligence]

   Int:       It affects your intelligence (+6).
   rPois:     It protects you from poison.
   rN:        It greatly protects you from negative energy.
   Will:      It decreases your willpower.
Wands
 f - a wand of iceblast (14)
 u - a wand of digging (2)
 v - a wand of acid (4)
 B - a wand of paralysis (15)
 F - a wand of flame (21)
Scrolls
 i - a scroll of blinking
 l - a scroll of teleportation
 t - 2 scrolls of immolation
 N - 2 scrolls of vulnerability
 O - 2 scrolls of brand weapon
 P - 3 scrolls of enchant weapon
 S - 2 scrolls of butterflies
 T - 4 scrolls of enchant armour
Potions
 d - 4 potions of magic
 e - 9 potions of flight
 h - a potion of invisibility
 j - 2 potions of brilliance
 n - 3 potions of ambrosia
 o - 3 potions of resistance
 E - 3 potions of lignification
 M - a potion of cancellation
 Q - a potion of haste


   Skills:
 + Level 6.9 Fighting
 + Level 9.1 Ranged Weapons
 + Level 3.7 Armour
 + Level 11.0 Dodging
 - Level 7.0 Stealth
 + Level 9.7 Spellcasting
 - Level 3.2 Hexes
 - Level 3.8 Translocations
 - Level 5.0 Fire Magic
 - Level 5.1 Ice Magic
 - Level 3.3 Invocations


You had 24 spell levels left.
You knew the following spells:

 Your Spells              Type           Power      Damage    Failure   Level
a - Frozen Ramparts       Ice            72%        1d11      4%          3
b - Portal Projectile     Hex/Tloc       56%        N/A       8%          3

Your spell library contained the following spells:

 Spells                   Type           Power      Damage    Failure   Level
 Freeze                   Ice            100%       1d10      1%          1
 Ozocubu's Armour         Ice            36%        N/A       4%          3
 Magic Dart               Conj           44%        1d5       11%         1
 Hailstorm                Conj/Ice       24%        3d7       12%         3
 Searing Ray              Conj           22%        2d5       17%         2
 Cause Fear               Hex            13%        N/A       30%         4
 Ice Form                 Ice/Tmut       24%        N/A       36%         4
 Fulminant Prism          Conj/Hex       9%         3d7       50%         4
 Metabolic Englaciation   Hex/Ice        15%        N/A       50%         5
 Petrify                  Tmut/Erth      11%        N/A       73%         4
 Blade Hands              Tmut           5%         N/A       97%         5
 Statue Form              Tmut/Erth      7%         N/A       100%        6
 Dragon Form              Tmut           5%         N/A       100%        7
 Ozocubu's Refrigeration  Ice            18%        4d11      100%        7
 Tukima's Dance           Hex            Unusable   N/A       N/A         3
 Summon Ice Beast         Ice/Summ       Unusable   N/A       N/A         4
 Dragon's Call            Summ           Unusable   N/A       N/A         9

Dungeon Overview and Level Annotations

Branches:
Dungeon (11/15)            Temple (1/1) D:4            Lair (1/5) D:9
    Orc (0/2) D:11         Bailey (visited)

Altars:
Ashenzari
Cheibriados
Dithmenos
Elyvilon
Fedhas
Gozag
Hepliaklqana
Kikubaaqudgha
Makhleb
Nemelex Xobeh
Okawaru
Qazlal
Ru
Sif Muna
Trog
Uskayaw
Vehumet
Wu Jian
Xom
Yredelemnul
Zin
The Shining One

Annotations:
D:7 3 runed translucent doors, baller8008's ghost, novice OgFi


Innate Abilities, Weirdness & Mutations

You are very small and have problems with some larger weapons.
You are too small for most types of armour.
You have supernaturally acute eyesight. (SInv)
You cover ground extremely quickly. (Speed+++)
Your mind is very acute. (Int +8, Str/Dex -2)
You are robust. (+10% HP)


Message History

The burning bush is moderately damaged.
The burning bush throws fire at you. The puff of flame misses you.
Fire: c) +5 arbalest (flame)
Press: ? - help, Q - select action, (/) - cycle Shift-Dir - straight line, f/p - burning bush
Aim: a burning bush (moderately damaged, 98% to hit)
You shoot a bolt.
The bolt hits the burning bush but does no damage.
The burning bush is moderately damaged.
Fire: c) +5 arbalest (flame)
Press: ? - help, Q - select action, (/) - cycle Shift-Dir - straight line, f/p - burning bush
Aim: a burning bush (moderately damaged, 98% to hit)
You shoot a bolt. The bolt hits the burning bush!
The bolt burns the burning bush.
The burning bush is severely damaged.
The burning bush throws fire at you.
The puff of flame hits you but does no damage.
Fire: c) +5 arbalest (flame)
Press: ? - help, Q - select action, (/) - cycle Shift-Dir - straight line, f/p - burning bush
Aim: a burning bush (severely damaged, 98% to hit)
You shoot a bolt. The bolt hits the burning bush!!
The bolt burns the burning bush.
You destroy the burning bush!
Okawaru accepts your kill.
You shoot a bolt. The bolt hits the komodo dragon!
The bolt burns the komodo dragon.
The komodo dragon is moderately wounded.
The komodo dragon bites you! The komodo dragon bites you!!
You shoot a bolt. The bolt hits the komodo dragon.
The bolt burns the komodo dragon.
The komodo dragon is heavily wounded.
The komodo dragon misses you. The komodo dragon barely misses you.
You shoot a bolt. The bolt hits the komodo dragon!
The bolt burns the komodo dragon.
The komodo dragon is severely wounded.
The komodo dragon closely misses you.
You shoot a bolt.
The bolt closely misses the komodo dragon.
The komodo dragon bites you!! x2
You die...

##P# #..# #..P #..## ##
#..# ###...###. #..# #
#........## ##..# #.
##P.......P###...#####
...#.......P...###..P#..#
#..P.P.#.#.#.P...........
#.....#†@l..#...l...Y....
#...P#..<....#P.##..#..##
........l..>....#####..#
...P.#...8...#..# #.Y#
#...............# #..#
#....#.......#P.## #..#
#...(.#.....#....# #..#
#..P.P.#.#.#.P..#####..#
#...............##.##..##


You could see 2 komodo dragons.

Vanquished Creatures
  2 vault guards (Bailey)
  2 death knights (D:9)
  2 two-headed ogres (D:11)
  Sonja (D:10)
  2 elephants (D:9)
  Joseph (D:7)
  A cane toad (D:9)
  A kobold demonologist (D:5)
  A komodo dragon (D:8)
  A burning bush (Lair:1)
  A hornet (D:9)
  Prince Ribbit (Bailey)
  Grinder (D:3)
  3 shadows
  A wyvern (D:9)
  4 vampires
  3 wraiths
  25 yaks
  4 vampire mosquitoes (D:11)
  A steam dragon (D:7)
  3 humans (Bailey)
  Menkaure (D:6)
  2 acid dragons
  Edmund (D:6)
  7 water moccasins
  2 orc warriors
  2 black bears
  2 ice beasts
  2 sky beasts (D:6)
  2 ogres
  4 wolves
  5 centaurs
  2 phantoms
  A kobold brigand (D:8)
  A gnoll sergeant (D:8)
  8 bullfrogs
  2 scorpions
  A wight (D:9)
  An electric eel (D:9)
  2 howler monkeys
  3 hounds
  7 orc priests
  An iguana (D:4)
  4 jellies
  Crazy Yiuf (D:6)
  2 gnoll boudas (D:5)
  16 orc wizards
  17 gnolls
  3 adders
  A howler monkey skeleton (D:9)
  A shadow imp (D:6)
  A white imp (D:8)
  An ufetubus (D:6)
  A worm (D:4)
  A dart slug (D:3)
  34 orcs
  8 ball pythons
  14 endoplasms
  4 giant cockroaches
  11 goblins
  6 hobgoblins
  9 kobolds
  4 quokkas
  5 bats
  4 frilled lizards
  9 rats
277 creatures vanquished.

Vanquished Creatures (others)
  A bush (Lair:1)
  A fungus (D:9)
  12 plants
14 creatures vanquished.

Grand Total: 291 creatures vanquished

Notes
Turn   | Place    | Note
-------+----------+-------------------------------------------
     0 | D:1      | koil the Spriggan Hunter began the quest for the Orb.
     0 | D:1      | Reached XP level 1. HP: 10/10 MP: 2/2
    27 | D:1      | Found a faded altar of an unknown god.
   238 | D:1      | Reached XP level 2. HP: 11/15 MP: 3/3
   266 | D:1      | Reached skill level 3 in Dodging
   402 | D:1      | Reached skill level 1 in Spellcasting
   744 | D:2      | Reached XP level 3. HP: 18/18 MP: 5/5
  1414 | D:3      | Noticed Grinder
  1415 | D:3      | Paralysed by Grinder for 4 turns
  1474 | D:3      | Paralysed by Grinder for 3 turns
  1478 | D:3      | Killed Grinder
  1479 | D:3      | Reached skill level 4 in Dodging
  1479 | D:3      | Reached XP level 4. HP: 12/23 MP: 6/9
  1479 | D:3      | Reached XP level 5. HP: 15/27 MP: 6/10
  1784 | D:3      | Reached XP level 6. HP: 32/32 MP: 11/11
  2382 | D:4      | Found a burning altar of Makhleb.
  2401 | D:4      | Found a staircase to the Ecumenical Temple.
  2414 | Temple   | Entered the Ecumenical Temple
  2414 | Temple   | Found a transporter.
  2414 | Temple   | Found a transporter.
  2416 | Temple   | Found a transporter.
  2416 | Temple   | Found a transporter.
  2482 | Temple   | Learned a level 3 spell: Frozen Ramparts
  2517 | Temple   | Gained mutation: Your mind is acute. (Int +4, Str/Dex -1)
                  | [potion of mutation]
  2517 | Temple   | Gained mutation: You are robust. (+10% HP) [potion of
                  | mutation]
  2517 | Temple   | Gained mutation: Your mind is very acute. (Int +8, Str/Dex
                  | -2) [potion of mutation]
  2825 | D:4      | Reached skill level 5 in Ranged Weapons
  2949 | D:4      | Reached skill level 5 in Stealth
  3188 | D:4      | Reached skill level 5 in Dodging
  3188 | D:4      | Reached XP level 7. HP: 39/39 MP: 13/13
  3256 | D:4      | Found a glowing golden altar of the Shining One.
  3262 | D:4      | Found a shimmering blue altar of Sif Muna.
  3268 | D:4      | Found a hazy altar of Hepliaklqana.
  3269 | D:4      | Found an iron altar of Okawaru.
  3274 | D:4      | Found a sparkling altar of Nemelex Xobeh.
  3300 | D:4      | Became a worshipper of Warmaster Okawaru
  3537 | D:5      | Entered Level 5 of the Dungeon
  3550 | D:5      | Reached skill level 1 in Ice Magic
  3677 | D:5      | Reached skill level 1 in Fire Magic
  3843 | D:5      | Reached * piety under Okawaru
  3919 | D:5      | Noticed a kobold demonologist
  3924 | D:5      | Noticed a rust devil
  3973 | D:5      | Noticed a red devil
  3979 | D:5      | Noticed a rust devil
  3979 | D:5      | Killed a kobold demonologist
  3980 | D:5      | Reached XP level 8. HP: 35/44 MP: 15/15
  4095 | D:5      | Reached ** piety under Okawaru
  4096 | D:5      | Reached skill level 6 in Dodging
  4579 | D:6      | Noticed Menkaure
  4680 | D:6      | Killed Menkaure
  4681 | D:6      | Reached skill level 5 in Spellcasting
  4862 | D:6      | Identified the +0 ring mail "Biwax" {Rampage Str-3 Int+4}
  4962 | D:6      | Noticed Edmund
  4984 | D:6      | Killed Edmund
  4984 | D:6      | Reached *** piety under Okawaru
  5049 | D:6      | HP: 1/46 [centaur/arrow (14)]
  5326 | D:6      | Reached XP level 9. HP: 34/49 MP: 18/18
  5463 | D:6      | Reached skill level 7 in Dodging
  5544 | D:6      | Identified the +11 quarterstaff "Wuish" {holy, Dex+2}
  5682 | D:6      | Found a runed translucent door.
  5683 | D:6      | Noticed Crazy Yiuf
  5930 | D:6      | Killed Crazy Yiuf
  6218 | D:7      | Found a shadowy altar of Dithmenos.
  6238 | D:7      | Found a radiant altar of Vehumet.
  6300 | D:7      | Reached **** piety under Okawaru
  6301 | D:7      | HP: 1/50 [orc wizard/magic dart (8)]
  6390 | D:7      | Noticed Joseph
  6701 | D:7      | Found a runed translucent gate.
  6701 | D:7      | Found a runed translucent gate.
  6701 | D:7      | Found a runed translucent gate.
  6704 | D:7      | Noticed baller8008's ghost (novice OgFi)
  6706 | D:7      | Noticed a kobold demonologist
  6755 | D:7      | Killed Joseph
  6801 | D:8      | Reached skill level 8 in Dodging
  6814 | D:8      | Noticed a komodo dragon
  6857 | D:8      | Killed a komodo dragon
  6858 | D:8      | Reached skill level 5 in Fighting
  7179 | D:8      | Reached XP level 10. HP: 42/56 MP: 21/21
  7657 | D:8      | Reached skill level 1 in Armour
  7966 | D:9      | Found a flagged portal.
  8172 | Bailey   | Entered a bailey
  8377 | Bailey   | Noticed Prince Ribbit
  8389 | Bailey   | Noticed a vault guard
  8393 | Bailey   | Killed Prince Ribbit
  8393 | Bailey   | Reached ***** piety under Okawaru
  8394 | Bailey   | Reached skill level 9 in Dodging
  8406 | Bailey   | Killed a vault guard
  8406 | Bailey   | Received a gift from Okawaru
  8459 | Bailey   | Noticed a vault guard
  8492 | Bailey   | Killed a vault guard
  9086 | D:9      | Found a staircase to the Lair.
  9150 | D:9      | Found a broken altar of Ashenzari.
  9172 | D:9      | Reached XP level 11. HP: 61/61 MP: 24/24
  9197 | D:9      | Found an ornate altar of the Wu Jian Council.
  9308 | D:9      | Found a transporter.
  9333 | D:9      | Noticed a death knight
  9343 | D:9      | Found a transporter.
  9343 | D:9      | Found an ancient bone altar of Kikubaaqudgha.
  9347 | D:9      | Noticed a death knight
  9353 | D:9      | Found a basalt altar of Yredelemnul.
  9386 | D:9      | Reached skill level 5 in Ice Magic
  9387 | D:9      | Reached skill level 1 in Invocations
  9392 | D:9      | Reached skill level 5 in Fire Magic
 10011 | D:9      | Identified the ring of Bodily Harmony {rPois rN++ Will-
                  | Int+6}
 10248 | D:9      | Killed a death knight
 10856 | D:9      | Killed a death knight
 10979 | D:10     | Entered Level 10 of the Dungeon
 11039 | D:10     | Reached skill level 10 in Dodging
 11064 | D:10     | Noticed Sonja
 11081 | D:10     | Killed Sonja
 11088 | D:10     | Found a blossoming altar of Fedhas.
 11129 | D:10     | Learned a level 3 spell: Portal Projectile
 11387 | D:10     | Reached skill level 1 in Translocations
 11388 | D:10     | Reached ****** piety under Okawaru
 11389 | D:10     | Reached skill level 1 in Hexes
 11393 | D:10     | Identified the +0 buckler "Polathru" {*Corrode +Blink rF+}
                  | (Okawaru gifted it to you on level 10 of the Dungeon)
 11393 | D:10     | Received a gift from Okawaru
 12397 | D:11     | Noticed a two-headed ogre
 12400 | D:11     | Killed a two-headed ogre
 12520 | D:11     | Found a staircase to the Orcish Mines.
 12814 | D:11     | Noticed a two-headed ogre
 12818 | D:11     | Killed a two-headed ogre
 12819 | D:11     | Reached XP level 12. HP: 68/68 MP: 26/26
 13323 | Lair:1   | Entered Level 1 of the Lair of Beasts
 14128 | D:9      | Reached skill level 11 in Dodging
 14269 | Lair:1   | Slain by a komodo dragon

Illustrated notes

Levels and vault maps discovered:
D:1:      saegor_arrival_simple_c, layout_basic,
          ebering_ecumenical_altar_petrified
D:2:      layout_basic
D:3:      kennysheep_six_static_rooms, layout_basic, uniq_grinder
D:4:      layout_loops_corners, minitemple, mainiacjoe_overflow_24_doors,
          minmay_temple_entry_overgrown
D:5:      layout_cave_pools, serial_gnoll_camp, gnoll_camp_mini_hut,
          gnoll_camp_mini_hut, gnoll_camp_mini_hut, gnoll_camp_mini_hut,
          nrook_campfire, hangedman_abyss_or_decor_stabs
D:6:      layout_basic, uniq_edmund, uniq_menkaure, uniq_crazy_yiuf_cottage
D:7:      layout_rooms, nicolae_dithmenos_through_a_glass_darkly,
          vehumet_altar_wand_db, gammafunk_ghost_nasty_kobolds, uniq_joseph
D:8:      layout_loops_ring, hex_large
D:9:      layout_cave_pods, lemuel_crystal_altar, lemuel_crystal_altar,
          gammafunk_temple_of_torment, dpeg_oklobed_lair, enter_bailey_2,
          minmay_crystal_water
D:10:     layout_layer_cave, fedhas_altar_3, uniq_sonja
D:11:     layout_long_grid, orc_0_dummy
Temple:   hellmonk_temple_divided_pantheon
Lair:1:   layout_small_grid, nicolae_volcano_entry_lava_flow, evilmike_ambush
          [evilmike_ambush_outer_pillars, evilmike_ambush_inner_pond]

Skill      XL: |  1  2  3  4  5  6  7  8  9 10 11 12 |
---------------+-------------------------------------+-----
Stealth        | 2 4 5 6 7 |  7.0
Dodging        | 3 4 5 6 8 9 10 11 | 11.0
Spellcasting   | 1 2 3 4 5 6 8 9 |  9.7
Fighting       | 2 3 4 5 6 |  6.9
Ranged Weapons | 5 6 7 8 9 |  9.1
Ice Magic      | 2 3 4 5 |  5.1
Fire Magic     | 1 2 3 4 5 |  5.0
Armour         | 2 3 |  3.7
Invocations    | 3 |  3.3
Translocations | 3 |  3.8
Hexes          | 3 |  3.2

Action                   |  1- 3 |  4- 6 |  7- 9 | 10-12 || total
-------------------------+-------+-------+-------+-------++-------
Melee: Dagger            |       |       |     7 |    34 ||    41
       Shortbow          |       |       |     2 |       ||     2
 Fire: Shortbow          |   101 |   136 |   357 |   187 ||   781
       Arbalest          |       |       |       |   243 ||   243
 Cast: Frozen Ramparts   |       |       |       |     4 ||     4
Evoke: Wand              |       |       |     8 |    12 ||    20
  Use: Scroll            |       |     9 |     8 |     7 ||    24
       Potion            |       |     8 |     2 |     2 ||    12
 Stab: Sleeping          |       |       |     3 |       ||     3
       Paralysed         |       |       |     2 |     6 ||     8
Armor: Robe              |     5 |     1 |     6 |       ||    12
       Acid dragon scale |       |       |       |    73 ||    73
Dodge: Dodged            |    29 |    35 |   180 |   522 ||   766

Table legend: (Time is in decaauts)
 A = Elapsed time spent in this place.
 B = Non-inter-level travel time spent in this place.
 C = Inter-level travel time spent in this place.
 D = Time resting spent in this place.
 E = Time spent auto-exploring this place.
 F = Levels seen in this place.
 G = Mean time per level.
                   A        B        C        D        E       F      G
               +--------+--------+--------+--------+--------+-----+--------+
         Total |  10924 |  10254 |    670 |   1858 |   5566 |  14 |  780.3 |
       Dungeon |   9893 |   9228 |    665 |   1484 |   5404 |  11 |  899.4 |
        Temple |    269 |    264 |      5 |    134 |      4 |   1 |  269.0 |
          Lair |    186 |    186 |      0 |      0 |      0 |   1 |  186.0 |
        Bailey |    574 |    574 |      0 |    240 |    157 |   1 |  574.0 |
               +--------+--------+--------+--------+--------+-----+--------+

Top non-repeatable levels by time:
     D:9: 2510 daAuts
     D:6: 1248 daAuts
     D:8: 892 daAuts
     D:5: 793 daAuts
     D:4: 773 daAuts
    D:10: 752 daAuts
     D:3: 679 daAuts
     D:7: 664 daAuts
    D:11: 642 daAuts
  Bailey: 574 daAuts
     D:2: 506 daAuts
     D:1: 429 daAuts
  Temple: 269 daAuts
  Lair:1: 186 daAuts
